 Dungeon Crawl Stone Soup version 0.29.0-7-g18a832c13a (webtiles) character file.

Game seed: 9930489860991696360

3360 sanka the Transmogrifier (level 9, -4/69 HPs)
             Began as a Palentonga Venom Mage on Aug 31, 2022.
             Was an Elder of Dithmenos.
             Slain by Grum
             ... wielding a -2 spear
              (17 damage)
             ... on level 8 of the Dungeon.
             The game lasted 00:24:36 (10677 turns).

sanka the Transmogrifier (Palentonga Venom Mage)   Turns: 10677, Time: 00:24:36

Health: -4/69      AC: 17    Str: 13    XL:     9   Next: 73%
Magic:  14/16      EV:  9    Int: 19    God:    Dithmenos [****..]
Gold:   528        SH:  0    Dex: 12    Spells: 4/17 levels left

rFire   . . .      SeeInvis +   m - +1 short sword (elec)
rCold   . . .      Faith    .   (no shield)
rNeg    . . .      Spirit   .   q - +0 troll leather armour {Pargi}
rPois   .          Reflect  .   o - +1 hat
rElec   .          Harm     .   C - +2 cloak
rCorr   .          Rampage  .   H - +0 pair of gloves
Will    .....                   (no barding)
Stlth   ++........              (no amulet)
HPRegen 1.01/turn               (no ring)
MPRegen 0.15/turn               (no ring)

@: wreathed by umbra, curled up
A: large, rugged brown scales 3, see invisible, deformed body, roll 1, armoured
tail, reflexive curl
a: Rolling Charge, Renounce Religion, Shadow Step


You were on level 8 of the Dungeon.
You worshipped Dithmenos.
Dithmenos was greatly pleased with you.
You visited 1 branch of the dungeon, and saw 9 of its levels.
You also visited: Sewer.

You collected 528 gold pieces.


Innate Abilities, Weirdness & Mutations

You are completely covered in rugged brown scales. (AC +3, +7% HP)
You have supernaturally acute eyesight. (SInv)
Armour fits poorly on your strangely shaped body.
You can roll at nearby foes to attack.
You have a long armoured tail.
You curl defensively after being hit. (AC +7*)


   Skills:
 - Level 4.0 Fighting
 - Level 1.5 Dodging
 - Level 1.2 Stealth
 + Level 7.7 Unarmed Combat
 + Level 4.7 Spellcasting
 + Level 8.4 Transmutations
 - Level 3.0 Air Magic
 - Level 3.0 Poison Magic


You had 4 spell levels left.
You knew the following spells:

 Your Spells              Type           Power      Damage    Failure   Level
c - Blade Hands           Tmut           18%        N/A       14%         5
u - Wereblood             Tmut           36%        N/A       1%          2
x - Spider Form           Tmut/Pois      26%        N/A       4%          3
y - Poisonous Vapours     Pois/Air       30%        N/A       7%          2
z - Sting                 Tmut/Pois      100%       1d8       1%          1

Your spell library contained the following spells:

 Spells                   Type           Power      Damage    Failure   Level
 Beastly Appendage        Tmut           72%        N/A       1%          1
 Apportation              Tloc           8%         N/A       16%         1
 Magic Dart               Conj           16%        1d3       16%         1
 Necrotise                Necr           16%        1d4       16%         1
 Summon Small Mammal      Summ           16%        N/A       16%         1
 Mephitic Cloud           Conj/Pois/Air  12%        N/A       22%         3
 Call Imp                 Summ           4%         N/A       24%         2
 Sublimation of Blood     Necr           4%         N/A       24%         2
 Petrify                  Tmut/Erth      20%        N/A       28%         4
 Vampiric Draining        Necr           4%         2d6       43%         3
 Olgreb's Toxic Radiance  Pois           15%        N/A       43%         4
 Corpse Rot               Necr/Pois/Air  12%        N/A       56%         4
 Animate Armour           Summ/Erth      8%         N/A       85%         4
 Dispel Undead            Necr           4%         3d7       85%         4
 Irradiate                Conj/Tmut      10%        3d15      61%         5
 Iron Shot                Conj/Erth      2%         9d2       100%        6
 Summon Hydra             Summ           2%         N/A       100%        7
 Borgnjor's Revivificati  Necr           2%         N/A       100%        8

Inventory:

Hand Weapons
 m - a +1 short sword of electrocution (weapon)
 F - a +1 scimitar of flaming
 L - a +2 dagger of venom
Missiles
 w - 6 curare-tipped darts {=f}
Armour
 a - a +0 robe
 h - +0 shadow dragon scales
 o - a +1 hat (worn)
 q - a +0 troll leather armour (worn) {Pargi}
 C - a +2 cloak (worn)
 G - +0 acid dragon scales
 H - a +0 pair of gloves (worn)
Magical Staves
 J - a staff of cold
Wands
 y - a wand of roots (6)
 D - a wand of charming (6)
 N - a wand of flame (1)
Scrolls
 c - a scroll of immolation {unknown}
 d - 2 scrolls of fog {unknown}
 i - 3 scrolls of fear
 k - 2 scrolls of acquirement {unknown}
 l - 4 scrolls of poison {!r}
 n - 2 scrolls of brand weapon
 r - 3 scrolls of enchant weapon
 t - a scroll of summoning
 u - 2 scrolls of teleportation {@r4}
 x - 2 scrolls of magic mapping {unknown}
 B - 2 scrolls of silence {unknown}
 M - a scroll of identify {@r1}
Potions
 b - a potion of magic
 e - 3 potions of lignification {!q}
 f - 4 potions of curing {@q1}
 g - 3 potions of heal wounds {unknown}
 j - a potion of resistance {unknown}
 p - 4 potions of haste {@q3}
 s - a potion of invisibility {unknown}
 v - 3 potions of might {unknown}
 z - a potion of attraction {unknown}
 A - a potion of berserk rage {unknown}
 E - 4 potions of flight {unknown}
 I - a potion of mutation {unknown}
 K - a potion of ambrosia {unknown}

Dungeon Overview and Level Annotations

Branches:
Dungeon (9/15)             Temple (0/1) D:7           Sewer (visited)
   Lair: D:8-11         Orc: D:9-12

Altars:
Dithmenos
Ru
Sif Muna
Uskayaw
Zin

Shops:
D:4 :   D:5 ?

Annotations:
D:8 3 runed translucent doors, Grum; Plasmagod's ghost, amateur SpDe

....▒ ▒...▒ ▒▒▒)▒
▒▒▒.▒ ▒.▒ ▒.▒
▒▒▒.▒ ▒.▒ .▒▒.▒
▒.▒ .▒▒.▒ ▒.▒
.▒▒.▒ ▒.▒ .▒▒.▒
▒.▒ .▒▒.▒
▒▒▒▒▒▒▒▒▒H▒
.▒▒.▒▒▒▒>..>..g..▒
.........▒▒▒▒▒▒▒▒▒
▒▒▒.▒▒▒▒▒▒ ....▒
▒▒▒▒▒


You could see Grum (fast).


Message History

Aim: Grum, wielding a -2 spear and wearing a +0 animal skin (fast, umbra) Poisonous vapours surround Grum!
Grum is poisoned.
Grum closely misses you.
Grum bares his teeth.
Grum closely misses you. Grum closely misses you.
There is a stone staircase leading up here.
Grum hits you but does no damage. Grum barely misses you.
You climb upwards.
Level annotation: 3 runed translucent doors, Plasmagod's ghost, amateur SpDe
There is a stone staircase leading down here.
Unknown command.
Grum is nearby!
Grum hits you with a -2 spear! Grum attacks as you move away!
Grum hits you with a -2 spear!
* * * LOW HITPOINT WARNING * * *
Grum looks more healthy.
Grum barely misses you.
Grum hits you from afar with a -2 spear.
* * * LOW HITPOINT WARNING * * *
Your magical contamination has completely faded away.
There is a stone staircase leading down here.
Grum hits you from afar with a -2 spear!
* * * LOW HITPOINT WARNING * * *
Grum barely misses you.
Grum hits you from afar with a -2 spear!
You die...

Action                   |  1- 3 |  4- 6 |  7- 9 || total
-------------------------+-------+-------+-------++-------
Melee: Unarmed           |    48 |       |    11 ||    59
       Tailslap          |     4 |    14 |    21 ||    39
       Short sword       |       |   116 |   177 ||   293
       Punch             |       |     2 |     3 ||     5
 Cast: Sting             |    67 |    84 |    16 ||   167
       Poisonous Vapours |     5 |     6 |   116 ||   127
Evoke: Wand              |       |       |     2 ||     2
  Use: Scroll            |       |       |     9 ||     9
       Potion            |       |       |     1 ||     1
 Stab: Sleeping          |       |     1 |       ||     1
       Distracted        |       |       |     1 ||     1
Armor: Robe              |    40 |    17 |       ||    57
       Troll leather arm |       |    41 |   109 ||   150
       Skin              |       |       |     6 ||     6
       Acid dragon scale |       |       |    13 ||    13
Dodge: Dodged            |    31 |    78 |   148 ||   257

Levels and vault maps discovered:
D:1:      mrwooster_arrival_arrow, layout_loops_ring
D:2:      layout_basic, hellmonk_ecumenical_altar_heavens_door, minivault_27,
          uniq_terence
D:3:      minmay_general_purpose_star, layout_loops_ring, hangedman_ru_absence,
          lightli_sewer_entry_pipes, chequers_avenue
D:4:      layout_rooms, nicolae_shop_i_like_big_books,
          kennysheep_generic_room_12
D:5:      layout_loops_ring, chequers_temple_overflow_statue_of_worship,
          serial_shops, nicolae_square_shop, corexii_checkpoint_a,
          uniq_blork_the_orc, uniq_sigmund, uniq_ijyb
D:6:      layout_cave_pools, uniq_maggie
D:7:      layout_loops_corners, amcnicky_altar_gilded,
          minmay_temple_entry_overgrown
D:8:      layout_loops_ring, gammafunk_ghost_nasty_kobolds, uniq_pikel
D:9:      layout_loops_ring, fiery_altar_vehumet, serial_glass, glass_columns_c,
          glass_columns_b, uniq_erica, uniq_grum

Notes
Turn   | Place    | Note
-------+----------+-------------------------------------------
     0 | D:1      | sanka the Palentonga Venom Mage began the quest for the
                  | Orb.
     0 | D:1      | Reached XP level 1. HP: 13/13 MP: 3/3
   238 | D:1      | Reached XP level 2. HP: 20/20 MP: 3/5
   282 | D:1      | Reached skill level 3 in Poison Magic
   302 | D:1      | Learned a level 2 spell: Poisonous Vapours
   583 | D:1      | Reached skill level 1 in Air Magic
  1009 | D:1      | Reached XP level 3. HP: 22/25 MP: 4/6
  1418 | D:2      | Identified +0 shadow dragon scales
  1930 | D:2      | Reached skill level 2 in Air Magic
  2249 | D:2      | Noticed Terence
  2316 | D:2      | Killed Terence
  2317 | D:2      | Reached XP level 4. HP: 28/32 MP: 0/7
  2537 | D:2      | Found a faded altar of an unknown god.
  2866 | D:2      | Prayed at the altar of an unknown god.
  2866 | D:2      | Became a worshipper of Dithmenos the Shadowed
  2866 | D:2      | Reached * piety under Dithmenos
  3129 | D:3      | Reached skill level 3 in Air Magic
  3212 | D:3      | Found a glowing drain.
  3229 | Sewer    | Entered a sewer
  3263 | Sewer    | Reached skill level 1 in Fighting
  3305 | Sewer    | Noticed Pargi
  3314 | Sewer    | Killed Pargi
  3315 | Sewer    | Reached skill level 3 in Fighting
  3315 | Sewer    | Reached XP level 5. HP: 32/43 MP: 1/8
  3668 | D:3      | Found a sacrificial altar of Ru.
  4011 | D:3      | Learned a level 3 spell: Spider Form
  4087 | D:3      | Reached ** piety under Dithmenos
  4143 | D:3      | Reached XP level 6. HP: 50/50 MP: 3/9
  4621 | D:4      | Reached skill level 2 in Transmutations
  4763 | D:4      | Found Luos Limn's Tremendous Tomes.
  5064 | D:4      | Reached skill level 3 in Transmutations
  5262 | D:5      | Entered Level 5 of the Dungeon
  5300 | D:5      | Reached skill level 4 in Transmutations
  5300 | D:5      | Gained mutation: You curl defensively after being hit. (AC
                  | +7*) [Palentonga growth]
  5300 | D:5      | Reached XP level 7. HP: 46/55 MP: 4/10
  5561 | D:5      | Learned a level 2 spell: Wereblood
  5568 | D:5      | Reached skill level 5 in Transmutations
  5598 | D:5      | Noticed Blork the orc
  5618 | D:5      | Killed Blork the orc
  5805 | D:5      | Found a hide-covered altar of Uskayaw.
  5805 | D:5      | Found a shimmering blue altar of Sif Muna.
  5834 | D:5      | Reached skill level 6 in Transmutations
  5897 | D:5      | Found Cujamaeg's Magic Scroll Shoppe.
  5897 | D:5      | Noticed Sigmund
  5906 | D:5      | Killed Sigmund
  6029 | D:5      | Noticed Ijyb
  6057 | D:5      | Killed Ijyb
  6058 | D:5      | Reached skill level 4 in Fighting
  6058 | D:5      | Reached skill level 3 in Spellcasting
  6156 | D:5      | Reached *** piety under Dithmenos
  6157 | D:5      | Reached XP level 8. HP: 62/64 MP: 5/12
  6380 | D:6      | Identified +0 acid dragon scales
  6380 | D:6      | Noticed Maggie
  6404 | D:6      | Killed Maggie
  6405 | D:6      | Reached skill level 4 in Spellcasting
  6405 | D:6      | Reached skill level 7 in Transmutations
  6776 | D:6      | Reached skill level 8 in Transmutations
  6776 | D:6      | Reached skill level 1 in Unarmed Combat
  6800 | D:6      | Reached skill level 2 in Unarmed Combat
  6931 | D:6      | Reached skill level 3 in Unarmed Combat
  7201 | D:7      | Found a staircase to the Ecumenical Temple.
  7394 | D:7      | Reached skill level 4 in Unarmed Combat
  7626 | D:7      | Found a glowing silver altar of Zin.
  7681 | D:7      | Reached XP level 9. HP: 69/69 MP: 6/15
  7948 | D:7      | Learned a level 5 spell: Blade Hands
  8135 | D:7      | Reached skill level 5 in Unarmed Combat
  8749 | D:8      | Reached skill level 6 in Unarmed Combat
  8900 | D:8      | Reached **** piety under Dithmenos
  9646 | D:8      | Reached skill level 7 in Unarmed Combat
  9880 | D:8      | Noticed Pikel
  9992 | D:8      | Killed Pikel
 10142 | D:8      | Found a runed translucent gate.
 10144 | D:8      | Found a runed translucent gate.
 10144 | D:8      | Noticed Plasmagod's ghost (amateur SpDe)
 10146 | D:8      | Found a runed translucent gate.
 10146 | D:8      | Noticed a kobold demonologist
 10238 | D:8      | Got the Folio of Iniquitous Rituals
 10552 | D:9      | Noticed a troll
 10647 | D:9      | Noticed Grum
 10677 | D:8      | Slain by Grum

Vanquished Creatures
  Pikel (D:8)
  Maggie (D:6)
  Sigmund (D:5)
  A water moccasin (D:6)
  An acid dragon (D:8)
  Pargi (Sewer)
  2 orc warriors
  2 black bears
  An ogre (D:5)
  A phantom (D:6)
  Blork the orc (D:5)
  3 scorpions
  3 bullfrogs
  A necrophage (D:4)
  9 killer bees
  2 howler monkeys (D:6)
  An orc priest (D:8)
  2 hounds
  Ijyb (D:5)
  Terence (D:2)
  3 iguanas
  7 orc wizards
  5 adders
  A river rat (D:3)
  A shadow imp (D:7)
  3 white imps
  3 ufetubi
  6 worms
  A dart slug (D:1)
  24 orcs
  4 bats
  12 endoplasms
  3 giant cockroaches
  11 goblins
  7 hobgoblins
  9 jackals
  4 quokkas
  4 ball pythons
  6 frilled lizards
  8 kobolds
  11 rats
169 creatures vanquished.
